Cogmind - Beta 12 @@@ ROGUE MODE // 2024.02.16 @ 13:51:43 Player: ToasterKoishi Result: Self-destructed Performance ------------- Evolutions (2) 1000 Regions Visited (5) 1000 Robots Destroyed (39) 195 Value Destroyed (964) 964 Prototype IDs (0) 0 Alien Tech Used (0) 0 Bonus (0) 0 TOTAL SCORE: 3159 Bonus ------- None Cogmind --------- Core Integrity 209/550 Matter 72/300 Energy 275/275 System Corruption 0% Temperature Cool (84) Movement Core (250) Ox4 Location -8/Materials Parts ------- > --- POWER (1) -------- Deuterium Engine > --- PROPULSION (2) --- (None) > --- UTILITY (6) ------ Improved Targeting Computer Improved Targeting Computer > --- WEAPON (2) ------- Advanced Assault Cannon > --- INVENTORY (5) ---- Micro Nuclear Core Flight Unit Medium Storage Unit Small Matter Pod (50) Signal Interpreter Peak State ------------ > --- POWER ------------ Micro Nuclear Core > --- PROPULSION ------- Compact Wheel Compact Wheel > --- UTILITY ---------- Humpback Improved Terrain Scanner Improved Targeting Computer Improved Targeting Computer Medium Armor Plating > --- WEAPON ----------- Advanced Assault Cannon Advanced Assault Cannon > --- INVENTORY -------- Improved Ion Engine Deuterium Engine Deuterium Engine Light Nuclear Core Micro Nuclear Core Wheel Wheel Flight Unit Flight Unit Flight Unit Improved Heat Sink Medium Storage Unit Large Storage Unit Small Battery Small Battery Small Matter Pod Small Matter Pod High-capacity Matter Pod High-capacity Matter Pod High-capacity Matter Pod Visual Processing Unit Sensor Array Signal Interpreter Improved Terrain Scanner Improved Targeting Computer Medium Armor Plating Beamcaster Advanced Assault Cannon Advanced Assault Cannon Grenade Launcher Mining Claw [Rating: 30] Favorites ----------- Power Ion Engine Engine Ion Engine Power Core Micro Nuclear Core Propulsion Compact Wheel Wheel Compact Wheel Utility Sensor Array Device Sensor Array Storage Humpback Processor Improved Targeting Computer Protection Medium Armor Plating Weapon Autogun Energy Gun Medium Laser Ballistic Gun Autogun Ballistic Cannon Advanced Assault Cannon Launcher Grenade Launcher Build | -11 -10 -10 -10 -9 -8 ------- Run | Jun Mat Min Exi Min Mat Slots Evolved 4 | . . . . . 4 Power . | . . . . . . Propulsion . | . . . . . . Utility 4 | . . . . . 4 Weapon . | . . . . . . Parts Attached 39 | 6 10 1 1 2 19 Power 9 | . 4 1 . 1 3 Engine 8 | . 4 1 . 1 2 Core 1 | . . . . . 1 Reactor . | . . . . . . Propulsion 6 | 2 1 . . . 3 Treads . | . . . . . . Leg . | . . . . . . Wheel 6 | 2 1 . . . 3 Hover . | . . . . . . Flight . | . . . . . . Utility 11 | 2 2 . 1 . 6 Device 4 | 1 1 . . . 2 Storage 3 | 1 1 . 1 . . Processor 2 | . . . . . 2 Hackware . | . . . . . . Protection 2 | . . . . . 2 Artifact . | . . . . . . Weapon 13 | 2 3 . . 1 7 Energy Gun 2 | 2 . . . . . Energy Cannon . | . . . . . . Ballistic Gun 3 | . 3 . . . . Ballistic Cannon 5 | . . . . . 5 Launcher 3 | . . . . 1 2 Special Weapon . | . . . . . . Impact Weapon . | . . . . . . Slashing Weapon . | . . . . . . Piercing Weapon . | . . . . . . Special Melee Weapon . | . . . . . . Unidentified Prototypes . | . . . . . . Parts Lost 15 | . 3 . . . 12 Power 2 | . 1 . . . 1 Propulsion 5 | . 1 . . . 4 Utility 4 | . . . . . 4 Weapon 4 | . 1 . . . 3 Highest Loss Streak 12 | . 3 . . . 12 To Critical Strikes . | . . . . . . Average Slot Usage (%) 87 | . 89 100 92 85 72 Engine 11 | . 13 14 14 14 3 Wheel 24 | . 22 28 28 28 17 Device 8 | . 14 14 7 . 4 Storage 13 | . 14 14 14 14 8 Processor 1 | . . . . . 10 Energy Gun 5 | . 15 . . . . Ballistic Gun 15 | . 9 28 28 25 . Ballistic Cannon 2 | . . . . . 16 Naked Turns . | . . . . . . Heaviest Build 229 | 10 32 32 211 213 229 Greatest Support 32 | 32 32 32 32 32 32 Greatest Overweight (x) 12 | 2 1 . 6 6 12 Average Overweight (x) 1 | . . . 1 6 6 Largest Inventory Capacity 35 | 8 15 15 35 35 35 Average Capacity 21 | 7 10 15 24 35 33 Most Carried 35 | 7 15 15 24 31 35 Average Carried 18 | 4 10 15 16 26 31 Final Capacity 35 | 8 15 15 35 35 5 Final Carried 31 | 7 15 15 24 31 5 Class Distribution -------------------- 57% | Mutant 42% | Hauler-Mutant Dominant Class ---------------- Mutant | -10/Materials Mutant | -10/Mines Mutant | -10/Exiles Hauler-Mutant | -9/Mines Hauler-Mutant | -8/Materials Resources | -11 -10 -10 -10 -9 -8 ----------- Run | Jun Mat Min Exi Min Mat Matter Collected 1040 | 260 128 18 126 147 361 Remotely . | . . . . . . Salvage Created 1084 | 134 262 . . 294 394 Parts 60 | 10 13 . . 19 18 Haulers Intercepted 1 | . 1 . . . . Recyclers Shooed . | . . . . . . Parts Field Recycled . | . . . . . . Retrieved Matter . | . . . . . . Parts Self-Destructed . | . . . . . . Prevented . | . . . . . . Kills | -11 -10 -10 -10 -9 -8 ------- Run | Jun Mat Min Exi Min Mat Combat Hostiles Destroyed 27 | . 5 . . 5 17 Guns 7 | . 4 . . 3 . Cannons 11 | . . . . . 11 AOE 8 | . . . . 2 6 Classes Destroyed 9 | 2 4 . . 3 . Worker 2 | . . . . 1 1 Builder 1 | . . . . 1 . Tunneler 4 | 3 . . . 1 . Hauler 1 | . 1 . . . . Recycler 3 | 1 1 . . 1 . Watcher 1 | . 1 . . . . Swarmer 10 | . 3 . . 3 4 Grunt 14 | . 2 . . . 12 Sentry 3 | . . . . 2 1 Best Kill Streak 8 | 4 3 . . 4 8 Combat Bots Only 7 | . 3 . . 2 7 Max Kills in Single Turn 3 | 1 1 . . 2 3 Gunslinging . | . . . . . . Exploded 3 | . . . . 2 3 Melee . | . . . . . . Uniques/NPCs Destroyed . | . . . . . . Combat | -11 -10 -10 -10 -9 -8 -------- Run | Jun Mat Min Exi Min Mat Damage Taken 2342 | . 290 79 . 217 1756 Core 440 | . 21 . . 78 341 Absorbed by Shields . | . . . . . . Core Remaining (%) 80 | 100 . . . 60 . Volleys Fired 99 | 9 28 . . 20 42 Largest 2 | 2 2 . . 2 2 Hottest 100 | 100 100 . . 46 96 Shots Fired 161 | 18 49 . . 28 66 Gun 93 | 18 49 . . 26 . Cannon 60 | . . . . . 60 Launcher 8 | . . . . 2 6 Special . | . . . . . . Kinetic 93 | . 7 . . 26 60 Thermal 60 | 18 42 . . . . Explosive 8 | . . . . 2 6 Electromagnetic . | . . . . . . Robot Hit Streak 10 | 7 9 . . 4 10 Robot Miss Streak 4 | 2 4 . . 4 3 Penetration Max . | . . . . . . Secondary Targets 1 | . . . . 1 . Max Gunslinging Chain 1 | . . . . 1 . Shots Hit Robots 94 | 13 21 . . 16 44 Core Hits 60 | 5 10 . . 12 33 Critical Kills . | . . . . . . Critical Parts Destroyed 1 | . . . . 1 . Critical Strikes 5 | 1 1 . . 1 2 Burn 2 | 1 1 . . . . Destroy 1 | . . . . 1 . Blast 2 | . . . . . 2 Melee Attacks . | . . . . . . Impact . | . . . . . . Slashing . | . . . . . . Piercing . | . . . . . . Sneak Attacks . | . . . . . . Combat Hostiles . | . . . . . . Follow-up Attacks . | . . . . . . Damage Inflicted 2644 | 159 288 . . 331 1866 Guns 706 | 159 288 . . 259 . Cannons 1117 | . . . . . 1117 Explosions 821 | . . . . 72 749 Melee . | . . . . . . Ramming . | . . . . . . Kinetic 1438 | . 62 . . 259 1117 Thermal 385 | 159 226 . . . . Explosive 821 | . . . . 72 749 Electromagnetic . | . . . . . . Impact . | . . . . . . Slashing . | . . . . . . Piercing . | . . . . . . Highest Corruption 3 | . 3 3 3 3 . Average Corruption 2 | . 2 3 3 3 . Corruption Purged . | . . . . . . Corruption Blocked . | . . . . . . Effects 32 | . 8 4 9 11 . Message Errors 8 | . 3 1 1 3 . Matter Fused 7 | . 1 1 3 2 . Heat Flow Errors 6 | . 2 . 3 1 . Energy Discharges 2 | . . . . 2 . Parts Rejected 1 | . 1 . . . . Data Loss (minor) 4 | . . 2 1 1 . Data Loss (major) 3 | . . . 1 2 . Alerts 1 | . 1 . . . . Overload Shots . | . . . . . . Overflow Damage 31 | . . . . . 31 Projectiles . | . . . . . . Explosions 31 | . . . . . 31 Melee . | . . . . . . Knockbacks 11 | . . . . . 11 Impact . | . . . . . . Kinetic 11 | . . . . . 11 Secondary . | . . . . . . Self-Inflicted Damage 94 | . . . . . 94 Shots 5 | . . . . . 5 Rammed . | . . . . . . Targets Rammed . | . . . . . . Kicked . | . . . . . . Crushed . | . . . . . . Highest Temperature 434 | 96 434 . 276 111 117 Average Temperature 95 | 40 167 . 126 24 48 Received Heat Transfer 708 | . 123 . . 45 540 Effects 2 | . 2 . . . . Shutdowns 1 | . 1 . . . . Energy Bleed 1 | . 1 . . . . Siege Activations . | . . . . . . Robots Corrupted . | . . . . . . Combat Hostiles . | . . . . . . Parts Fried . | . . . . . . Impact Corruptions . | . . . . . . Robots Melted 1 | . 1 . . . . Combat Hostiles 1 | . 1 . . . . Parts Melted 5 | 3 2 . . . . Heat Transferred 1295 | 555 740 . . . . Parts Sabotaged . | . . . . . . Parts Stolen . | . . . . . . Parts Stripped . | . . . . . . Power Chain Reactions . | . . . . . . Missiles Intercepted . | . . . . . . Alert | -11 -10 -10 -10 -9 -8 ------- Run | Jun Mat Min Exi Min Mat Peak Influence 295 | 20 121 19 . 100 295 Initial 39 | . 13 19 . . 39 Average 43 | 6 25 19 . 27 116 Maximum Alert Level 1 | . . . . . 1 Low Security (%) 96 | 100 100 100 . 100 82 Level 1 3 | . . . . . 17 Level 2 . | . . . . . . Level 3 . | . . . . . . Level 4 . | . . . . . . Level 5 . | . . . . . . High Security . | . . . . . . Max Security . | . . . . . . Squads Dispatched 5 | . 1 . . . 4 Investigation . | . . . . . . Extermination . | . . . . . . Reinforcement 4 | . 1 . . . 3 Assault . | . . . . . . Garrison 1 | . . . . . 1 Intercept . | . . . . . . Searches Triggered . | . . . . . . Construction Impeded 1 | . . . . . 1 Haulers Reinforced . | . . . . . . Active Scanning Responses . | . . . . . . Cargo Convoy Interrupts . | . . . . . . Stealth | -11 -10 -10 -10 -9 -8 --------- Run | Jun Mat Min Exi Min Mat Distress Signals 2 | . 1 . . . 1 Communications Jammed . | . . . . . . Distress Signals . | . . . . . . Times Spotted 42 | . 12 3 . 5 22 Peak Tracking Total 11 | . 3 11 . 3 9 Tactical Retreats 1 | . 1 . . . . Traps | -11 -10 -10 -10 -9 -8 ------- Run | Jun Mat Min Exi Min Mat Traps Triggered 2 | . 2 . . . . Indirectly . | . . . . . . Trap Hack Attempts . | . . . . . . Triggered . | . . . . . . Disarmed . | . . . . . . Reprogrammed . | . . . . . . Reused . | . . . . . . Traps Extracted . | . . . . . . Installed . | . . . . . . Triggered . | . . . . . . Machines | -11 -10 -10 -10 -9 -8 ---------- Run | Jun Mat Min Exi Min Mat Machines Disabled 1 | . . . . 1 . Max in Single Turn 1 | . . . . 1 . Machines Repaired . | . . . . . . Machines Sabotaged . | . . . . . . Overloaded Fab Kills . | . . . . . . Hacking | -11 -10 -10 -10 -9 -8 --------- Run | Jun Mat Min Exi Min Mat Machines Accessed 5 | . 4 . . 1 . Terminals 5 | . 4 . . 1 . Fabricators . | . . . . . . Repair Stations . | . . . . . . Recycling Units . | . . . . . . Scanalyzers . | . . . . . . Garrison Access . | . . . . . . Total Hacks 13 | . 9 . . 4 . Successful 3 | . 2 . . 1 . Failed 9 | . 6 . . 3 . Catastrophic 2 | . 2 . . . . Database Lockouts 1 | . 1 . . . . Manual 11 | . 11 . . . . Terminals 13 | . 9 . . 4 . Fabricators . | . . . . . . Repair Stations . | . . . . . . Recycling Units . | . . . . . . Scanalyzers . | . . . . . . Garrison Access . | . . . . . . Terminal Hacks 3 | . 2 . . 1 . Record 1 | . . . . 1 . Robot Schematic 1 | . 1 . . . . Unreport Threat 1 | . 1 . . . . Fabricator Hacks . | . . . . . . Repair Station Hacks . | . . . . . . Recycling Unit Hacks . | . . . . . . Scanalyzer . | . . . . . . Garrison Access Hacks . | . . . . . . Unauthorized Hacks . | . . . . . . Terminals . | . . . . . . Fabricators . | . . . . . . Repair Stations . | . . . . . . Recycling Units . | . . . . . . Scanalyzers . | . . . . . . Garrison Access . | . . . . . . Data Cores Recovered . | . . . . . . Used . | . . . . . . Hacking Detections 4 | . 3 . . 1 . Full Trace Events 1 | . . . . 1 . Feedback Events . | . . . . . . Feedback Blocked . | . . . . . . Robot Schematics Acquired 1 | . 1 . . . . Robots Built . | . . . . . . Authchips . | . . . . . . Time . | . . . . . . Total Robot Build Rating . | . . . . . . Part Schematics Acquired . | . . . . . . Parts Built . | . . . . . . Authchips . | . . . . . . Time . | . . . . . . Total Part Build Rating . | . . . . . . Parts Repaired . | . . . . . . Time . | . . . . . . Parts Recycled . | . . . . . . Recycled Matter . | . . . . . . Retrieved Matter . | . . . . . . Retrieved Components . | . . . . . . Parts Scanalyzed . | . . . . . . Part Schematics Acquired . | . . . . . . Parts Damaged . | . . . . . . Bothacking | -11 -10 -10 -10 -9 -8 ------------ Run | Jun Mat Min Exi Min Mat Used RIF Installer . | . . . . . . Robots Hacked . | . . . . . . Non-combat . | . . . . . . Combat . | . . . . . . Robot Hacks Applied . | . . . . . . Relay Couplers Released . | . . . . . . Fabnet Peak Effective % . | . . . . . . Robots Rewired . | . . . . . . Allies Hacked . | . . . . . . Hacks Repelled . | . . . . . . Allies | -11 -10 -10 -10 -9 -8 -------- Run | Jun Mat Min Exi Min Mat Total Allies . | . . . . . . Largest Group . | . . . . . . Highest-Rated Group . | . . . . . . Highest-Rated Ally . | . . . . . . Total Orders . | . . . . . . Ally Attacks . | . . . . . . Total Damage . | . . . . . . Kills . | . . . . . . Allies Corrupted . | . . . . . . Allies Melted . | . . . . . . Intel | -11 -10 -10 -10 -9 -8 ------- Run | Jun Mat Min Exi Min Mat Robot Analysis Total . | . . . . . . Derelict Logs Recovered 1 | . . 1 . . . Drone Launches . | . . . . . . Drone Recoveries . | . . . . . . Exploration | -11 -10 -10 -10 -9 -8 ------------- Run | Jun Mat Min Exi Min Mat Turns Passed 2617 | 115 888 229 452 475 458 Spaces Moved 1630 | 67 669 214 337 195 148 Core 27 | 27 . . . . . Treads . | . . . . . . Legs . | . . . . . . Wheels 1603 | 40 669 214 337 195 148 Hover . | . . . . . . Flight . | . . . . . . Fastest Speed 50 | 50 100 100 100 190 95 Average Speed 126 | 105 102 100 128 190 196 Slowest Speed 280 | 150 115 100 190 190 280 Overloaded Moves . | . . . . . . Propulsion Burnouts . | . . . . . . Robots Hopped . | . . . . . . Cave-ins Triggered . | . . . . . . Exploration Rate (%) 46 | 5 98 39 80 40 14 Regions Visited 5 Branch Regions 3 Pre-discovered Areas . | . . . . . . Known Exits Taken . | . . . . . . Unknown Exits Taken 5 | 1 1 1 1 1 . Scrap Searched . | . . . . . . Spaces Dug . | . . . . . . Terrain Destroyed 58 | . . . . 6 52 Melee . | . . . . . . Projectile 18 | . . . . . 18 AOE 40 | . . . . 6 34 Terrain Rammed . | . . . . . . Walls Destroyed . | . . . . . . Machines Disabled . | . . . . . . Actions | -11 -10 -10 -10 -9 -8 --------- Run | Jun Mat Min Exi Min Mat Total 2029 | 90 825 231 358 276 249 Wait 182 | . 90 15 . 54 23 Move 1625 | 66 668 213 336 194 148 Hop . | . . . . . . Pick Up 59 | 9 17 1 19 6 7 Fast Attach 14 | 4 5 . 1 . 4 Attach 14 | 2 2 . . . 10 Detach 3 | . . . . . 3 Swap 11 | . 3 1 . 2 5 Drop 22 | . 12 1 2 . 7 Fire 99 | 9 28 . . 20 42 Melee . | . . . . . . Ram . | . . . . . . Kick . | . . . . . . Crush . | . . . . . . Escape Stasis . | . . . . . . Rewire . | . . . . . . Trap . | . . . . . . Miscellaneous . | . . . . . . Route ------- -11/Junkyard -10/Materials (discovered 5 exits: [*Mat x3] / [*Min x2]) -10/Mines -10/Exiles (discovered 2 exits: *Min x2) -9/Mines -8/Materials History --------- Turn | Location | Event 11 | -11/Junkyard | Discovered new exit (range 15) 116 | -11/Junkyard | Entered Materials 164 | -10/Materials | Discovered new exit (range 8) 210 | -10/Materials | Met 8R-AWN 284 | -10/Materials | Discovered new exit (range 7) 312 | -10/Materials | Build established: Mutant 335 | -10/Materials | Discovered new exit (range 7) 514 | -10/Materials | Discovered new exit (range 4) 522 | -10/Materials | Lost 3 parts (1p1n1w) 657 | -10/Materials | Discovered new exit (range 4) 956 | -10/Materials | Central database locked down 1004 | -10/Materials | Entered Mines 1005 | -10/Mines | Followed 8R-AWN into the Mines 1024 | -10/Mines | Learned Materials interactive machine intel 1033 | -10/Mines | A weapon hastily lodged in a ceiling crevice suddenly fell to the ground 1098 | -10/Mines | Assembled infested the area 1103 | -10/Mines | Assisted by a Guerilla fighting off Assembled 1228 | -10/Mines | Discovered new exit (range 5) 1233 | -10/Mines | Entered Exiles 1249 | -10/Exiles | Discovered new exit (range 14) 1275 | -10/Exiles | Welcomed by 8R-AWN 1290 | -10/Exiles | Met EX-HEX 1322 | -10/Exiles | Met EX-BIN 1334 | -10/Exiles | Met EX-DEC 1368 | -10/Exiles | Visited The Gauntlet 1660 | -10/Exiles | Discovered new exit (range 14) 1685 | -10/Exiles | Entered Mines 1773 | -9/Mines | Build established: Hauler-Mutant 1957 | -9/Mines | Joined a pair of Derelicts in attacking an 0b10 outpost 2063 | -9/Mines | Discovered new exit (range 13) 2160 | -9/Mines | Entered Materials 2160 | -8/Materials | Evolved 4 slots: Utility x4 2161 | -8/Materials | Loaded intel: 16 interactive machine locations 2602 | -8/Materials | Garrison activated, responded to threat 2603 | -8/Materials | Core integrity fell below 50% 2618 | -8/Materials | Self-destructed Last Messages --------------- 02605_ K-01 Serf collects debris. 02606_ Knocked back. 02607_ Acquired 8 matter. 02607_ G-47 Trooper Aluminum Leg blasted off. 02607_ U-05 Engineer lays Concrete. 02608_ K-01 Serf collects debris. 02608_ U-05 Engineer lays Concrete. 02611_ U-05 Engineer builds a Wall. 02612_ U-05 Engineer lays Concrete. 02612_ K-01 Serf collects debris. 02613_ U-05 Engineer lays Concrete. 02613_ Extracted 1 energy. 02613_ U-05 Engineer lays Concrete. 02615_ K-01 Serf collects debris. 02615_ Wheel destroyed. 02615_ U-05 Engineer lays Concrete. 02616_ G-47 Trooper destroyed. 02616_ U-05 Engineer lays Concrete. 02617_ U-05 Engineer builds a Wall. 02618_ U-05 Engineer lays Concrete. Map ----- +----------------------------------------------------+ | ??????????????????############ #???#???????? | | ?????????? ???????# # #???????????? | | ??????????????????##= # #?#?????????? | | ?????????????####### [[[ # #???????????? | | ????????????# # ! [[[ # #???????????? | | ????????????# # [[[ # #???????????? | | ????????#???+??????# != # #???????????? | | ???????????????????# # #???????????? | | ????????? ?????????# # #???????????? | | ????????# ############+##### ##??????????? | | ?????? ?# #???????????? | | ????????+ #???????????? | | ????????# #????#??????? | | ??????? ############### #####+#####????????? | | ??? ???????#??## # # #????????? | | ???????????????# ] # #""" #????????? | | ??????????????## + #"R #????????? | | ???????????#???# # #""" """ #????????? | | ?????????????? # # # """ #????????? | | ?????? ????#???# # # """ #????????? | | ?? ????????????##+##### # #????????? | | ???????????????##*#???# *# * #????????? | | ???? ??????###%##??#!!!###########????????? | | ???? % %#%##### #####]/=%#???#?????????????? | | ?? % # #### % % !!u!*##????????????????? | | ?? +[*%% !u@#!#####????????????? | | ???????### #%###H !%k=[#% #?????????? | | ??????????## # ########%%!#! """ !#?????????? | | ?????"?????#######?## #%==# """ #?????????? | | ?????????????#??????# #!%!# """ #?????????? | | ????????????????????# # + ??????????? | | ????????? ???#????? ! # # """ ???????????? | | ???????????????? ? # # """ ??????????? | | ????????????#???? """ # =s# """ ??????????? | | ????????????#??#! """ #u% # ?????????????? | | ???????????????# """ # ######?????????????? | | ???????????????????? # #??????????????????? | | ???????????????#????### #??#???????????????? | | ?????????????????????? ?????????????????? | | ?????????????? ??? ? ? ??????????????????? | | ?????????????? ??????? s ??????????????????? | | ??????????????????????# ??????????????????? | | ??????????????????????????""?????????????????? | | ?????????????????????????"G??????????????????? | | ??????????????????????????""?????T???????????? | | ?????????????????????????????????????????????? | | ?????????????????????????????????????????????? | | ?????????????????????????????????????????????? | | ?????????????????????????????????????????????? | | ?????????????????????????????????????????????? | +----------------------------------------------------+ Best States ------------- Heat Dissipation 31 Energy Generation 15 Energy Capacity 275 Matter Stores 300 Matter Capacity 300 Sight Range 16 Robot Scan Range 14 Terrain Scan Range 16 Terrain Scan Density 10 Armor Coverage 225 Evasion (%) 40 Targeting Accuracy 12 Item Schematics ----------------- None Robot Schematics ------------------ G-34 Mercenary | -10/Materials | Hacked Fabricated ------------ Nothing Alien Tech Used ----------------- None Achievements -------------- Packrat Tank Challenges ------------ None Game ------ Seed FactoryMinesnifferExtractor Manual? 0 Play Time 00:24:35 Cumulative 13.2 hours Start 2024.02.16 @ 13:27:28 End 2024.02.16 @ 13:51:43 Sessions 1 Manual Loads 0 Difficulty Rogue Special Mode None Game No. 8 Rogue 8 Adventurer 0 Explorer 0 Win Type - Total 0 Types 0/0/0/0/0/0/0/0/0 Lore% 14 Gallery% 16 Achievement% 19 Wizard Run 0 Options --------- ASCII 0 Keyboard 0 Movement Mouse Keybinds 0 Fullscreen 2 Font 18/SmallcapsGlow Map View 112x50 Tactical HUD 1 Map Filters NONE Filters NONE Steam 1 RUN: 618de17e-f733-4d21-b3ca-53db6460258c